 Dungeon Crawl Stone Soup version 0.29.1-2-gbd0b4ee654 (webtiles) character file.

Game seed: 2360286606865042118

21 GorkyZ the Covered (level 2, -1/19 HPs)
             Began as a Gargoyle Fighter on Nov 26, 2022.
             Slain by a quokka (3 damage)
             ... on level 1 of the Dungeon.
             The game lasted 00:01:16 (933 turns).

GorkyZ the Covered (Gargoyle Fighter)                Turns: 933, Time: 00:01:16

Health: -1/19      AC:  9    Str: 19    XL:     2   Next: 87%
Magic:  2/2        EV:  9    Int:  8    God:
Gold:   18         SH:  4    Dex:  9    Spells: 1/1 levels left

rFire   . . .      SeeInvis .   a - +0 war axe
rCold   . . .      Faith    .   c - +0 buckler
rNeg    + . .      Spirit   .   b - +0 scale mail
rPois   ∞          Reflect  .   (no helmet)
rElec   +          Harm     .   (no cloak)
rCorr   .          Rampage  .   (no gloves)
Will    .....                   (no boots)
Stlth   ..........              (no amulet)
HPRegen 0.06/turn               (no ring)
MPRegen 0.08/turn               (no ring)

@: no status effects
A: sickness immunity, AC +2, negative energy resistance 1, electricity
resistance, torment resistance 1, petrification resistance
a: no special abilities


You were on level 1 of the Dungeon.
You visited 1 branch of the dungeon, and saw 1 of its levels.

You collected 18 gold pieces.

Inventory:

Hand Weapons
 a - a +0 war axe (weapon)
Missiles
 h - 3 poisoned darts (quivered)
Armour
 b - a +0 scale mail (worn)
 c - a +0 buckler (worn)
Jewellery
 e - a ring of wizardry
Scrolls
 f - a scroll of identify {unknown}
 g - 3 scrolls of enchant weapon {unknown}
Potions
 d - a potion of might
 i - a potion of lignification {unknown}


   Skills:
 + Level 3.4 Fighting
 + Level 2.0 Axes
 + Level 0.3 Throwing
 + Level 3.5 Armour
 + Level 0.5 Dodging
 + Level 3.4 Shields
 + Level 0.4 Evocations


You had one spell level left.
You didn't know any spells.
Your spell library was empty.

Dungeon Overview and Level Annotations

Branches:
Dungeon (1/15)

Altars:


Innate Abilities, Weirdness & Mutations

You are immune to sickness and miasma.
Your stone body is resilient. (AC +2)
You are immune to poison.
You resist negative energy. (rN+)
You are resistant to electric shocks. (rElec)
You are resistant to unholy torment.
You are immune to petrification.


Message History

You miss the quokka. The bat closely misses you. You block the quokka's attack.
The quokka bites you.
You miss the bat.
The bat is severely wounded.
You barely miss the quokka. You block the bat's attack.
The quokka bites you but does no damage.
The bat hits you but does no damage. The quokka bites you.
You closely miss the bat.
The bat is severely wounded.
You closely miss the quokka. You block the bat's attack. The quokka bites you.
The quokka closely misses you.
You are too injured to fight recklessly!
You are too injured to fight recklessly!
You are too injured to fight recklessly!
You are too injured to fight recklessly!
You are too injured to fight recklessly!
You are too injured to fight recklessly!
You are too injured to fight recklessly!
You are too injured to fight recklessly!
You are too injured to fight recklessly!
You are too injured to fight recklessly!
Unknown command.
You hit the quokka but do no damage. You hit the bat but do no damage.
The bat hits you but does no damage. The bat misses you.
The quokka bites you but does no damage.
You barely miss the quokka. The bat hits you but does no damage.
The quokka barely misses you. The quokka misses you.
You closely miss the quokka. You completely miss the bat.
The bat hits you but does no damage.
The quokka bites you but does no damage.
You block the bat's attack. The quokka bites you.
You closely miss the quokka. You closely miss the bat.
The bat hits you but does no damage. The bat closely misses you.
The quokka bites you.
* * * LOW HITPOINT WARNING * * *
The quokka bites you but does no damage.
You hit the quokka.
The quokka is heavily wounded.
The bat closely misses you. The quokka bites you.
You die...

.###.........####..##
. . #.#.####### # #.
#.#.#.## #r
#.#....#####
#.#............
#..#....#####.
~..#...#...... ..
#.#b#.##### #..@..#
#.#r### #.#.# . #.#
.. ... .# ... .. ...
##...


You could see a quokka and a bat.

Vanquished Creatures
  5 endoplasms (D:1)
  A giant cockroach (D:1)
  A goblin (D:1)
  2 hobgoblins (D:1)
  3 jackals (D:1)
  A ball python (D:1)
  2 bats (D:1)
  3 rats (D:1)
18 creatures vanquished.

Notes
Turn   | Place    | Note
-------+----------+-------------------------------------------
     0 | D:1      | GorkyZ the Gargoyle Fighter began the quest for the Orb.
     0 | D:1      | Reached XP level 1. HP: 14/14 MP: 1/1
   462 | D:1      | Reached XP level 2. HP: 11/19 MP: 2/2
   933 | D:1      | Slain by a quokka

Illustrated notes

Levels and vault maps discovered:
D:1:      minmay_arrival_stair_chambers, layout_loops_ring,
          shapermc_ecumenical_altar_starsandcircs

Skill      XL: |  1  2 |
---------------+-------+-----
Axes           | 2 |  2.0
Fighting       | |  3.4
Throwing       | |  0.3
Armour         | |  3.5
Dodging        | |  0.5
Shields        | |  3.4
Evocations     | |  0.4

Action                   || total
-------------------------++-------
Melee: War axe           ||    64
Armor: Scale mail        ||    49
Dodge: Dodged            ||    42
Block: Buckler           ||    16
